 Dungeon Crawl Stone Soup version 0.21.1-1-g345015fe64 (webtiles) character file.

20239 DildoBatman the Bewitcher (level 13, -3/96 HPs)
             Began as a Formicid Enchanter on Feb 7, 2018.
             Was a High Priest of Sif Muna.
             Shot with an arrow by a centaur warrior (9 damage)
             ... on level 15 of the Dungeon.
             The game lasted 00:59:52 (13774 turns).

DildoBatman the Bewitcher (Formicid Enchanter)     Turns: 13774, Time: 00:59:52

Health: -3/96      AC: 10    Str: 18    XL:     13   Next: 10%
Magic:  2/25       EV: 14    Int: 15    God:    Sif Muna [*****.]
Gold:   626        SH:  4    Dex: 11    Spells: 22/28 levels left

rFire    . . .     SeeInvis +   a - +2 halberd (venom)
rCold    . . .     Gourm    .   n - +0 buckler
rNeg     . . .     Faith    .   o - +0 troll leather armour
rPois    .         Spirit   .   (helmet unavailable)
rElec    .         Reflect  .   D - +0 cloak
rCorr    .         Harm     .   g - +1 pair of gloves
MR       +....                  l - +0 pair of boots
Stlth    ++++......             (no amulet)
HPRegen  0.66/turn              (no ring)
MPRegen  0.19/turn              (no ring)

@: no status effects
A: permanent stasis, dig shafts and tunnels, four strong arms, antennae 3
a: Dig, Shaft Self, Divine Energy, Channel Magic, Forget Spell, Renounce
Religion


You were on level 15 of the Dungeon.
You worshipped Sif Muna.
Sif Muna was extremely pleased with you.
You were hungry.

You visited 2 branches of the dungeon, and saw 15 of its levels.

You collected 626 gold pieces.

Inventory:

Hand Weapons
 a - a +2 halberd of venom (weapon)
 b - a +5 scythe of protection
 c - a +4 quarterstaff of chaos
 d - a +1 hand axe of flaming
Armour
 g - a +1 pair of gloves (worn)
 l - a +0 pair of boots (worn)
 n - a +0 buckler (worn)
 o - a +0 troll leather armour (worn)
 D - a +0 cloak (worn)
Jewellery
 H - an uncursed ring of ice
Wands
 u - a wand of digging (10)
Scrolls
 e - a scroll of immolation {unknown}
 f - 2 scrolls of enchant armour {unknown}
 i - 10 scrolls of remove curse
 k - 4 scrolls of amnesia {unknown}
 m - 3 scrolls of enchant weapon {unknown}
 q - 3 scrolls of blinking {unknown}
 r - 3 scrolls of magic mapping {unknown}
 w - a scroll of acquirement {unknown}
 E - 8 scrolls of identify {unknown}
 P - 4 scrolls of teleportation {unknown}
Potions
 p - 3 potions of flight {unknown}
 s - 3 potions of might {unknown}
 t - 5 potions of curing {unknown}
 z - a potion of invisibility
 G - 3 potions of mutation {unknown}
Books
 j - Nithrad's Catalogue of the Bewitching Rocks
   (Sif Muna gifted it to you on level 13 of the Dungeon)

   Spells                             Type                      Level
   a - Confusing Touch                Hexes                        1
   b - Slow                           Hexes                        2
   c - Cause Fear                     Hexes                        4
   d - Lee's Rapid Deconstruction     Earth                        5
   e - Darkness                       Hexes                        6
   f - Shatter                        Earth                        9
Comestibles
 v - 20 rations


   Skills:
 * Level 7.2 Fighting
   Level 1.0 Short Blades
 * Level 7.2 Armour
 * Level 5.2 Dodging
 * Level 9.6 Stealth
 * Level 3.9 Shields
 * Level 8.1 Spellcasting
 * Level 16.1 Hexes
 * Level 1.1 Evocations


You had 22 spell levels left.
You knew the following spells:

 Your Spells              Type           Power        Failure   Level  Hunger
a - Slow                  Hex            ######..     1%          2    None
b - Confuse               Hex            ######..     1%          3    ##.....
f - Corona                Hex            ######.      1%          1    None


Dungeon Overview and Level Annotations

Branches:
Dungeon (15/15)            Temple (1/1) D:4            Lair (0/6) D:9
 Vaults (0/5) D:13
    Orc: D:9-12      Depths: D:15

Altars:
Ashenzari
Cheibriados
Dithmenos
Elyvilon
Fedhas
Gozag
Hepliaklqana
Kikubaaqudgha
Makhleb
Nemelex Xobeh
Okawaru
Qazlal
Ru
Sif Muna
Trog
Uskayaw
Vehumet
Wu Jian
Xom
Yredelemnul
Zin
The Shining One
Beogh

Shops:
D:9 *}([=

Annotations:
D:9 1 exclusion
D:13 1 exclusion


Innate Abilities, Weirdness & Mutations

You cannot be hasted, slowed, berserked, paralysed or teleported.
You can dig through walls and to a lower floor.
Your four strong arms can wield two-handed weapons with a shield.
You have a pair of large antennae on your head. (SInv)


Message History

You see here 2 arrows.
Casting: Confuse
Confirm with . or Enter, or press ? or * to list all spells.
Aiming: Confuse
Press: ? - help, Shift-Dir - straight line, f - centaur
Aim: a centaur (chance to defeat MR: 73%)
The centaur appears confused.
The centaur hits itself but does no damage.
The centaur shoots an arrow.
The arrow hits you.
The centaur warrior wields a glowing longbow.
The centaur warrior shoots an arrow.
The arrow hits you!!
The centaur warrior shoots an arrow.
You block the arrow.
There is a stone staircase leading up here.
You see here an arrow.
The centaur warrior shoots an arrow.
The arrow hits you!
You die...

{ #......#.........#
#......#.........#
#(.)c..#.........#
#.((({c#.........#
#.####c#.........#####
###.#..(..c..#####......
#...'........# #......
'...#........# #......
#..c#..@.....# #......
#####........# #......
...#+####### #######
..... { ..... ... ...


You could see a centaur warrior and 2 centaurs.

Vanquished Creatures
  Nessos (D:14)
  3 vault guards (D:13)
  A hydra (D:15)
  A catoblepas (D:13)
  3 two-headed ogres
  A centaur warrior (D:13)
  A tengu warrior (D:13)
  A cyclops (D:13)
  3 ugly things (D:13)
  The ghost of NeAGen181 the Vandal, a novice HaAr (D:5)
  A gargoyle (D:14)
  A komodo dragon (D:13)
  A freezing wraith (D:14)
  A tengu conjurer (D:14)
  A wind drake (shapeshifter) (D:13)
  Grinder (D:6)
  4 trolls
  A hippogriff (D:5)
  Sigmund (D:3)
  A wraith (D:13)
  A shadow (D:8)
  2 wyverns
  15 yaks
  Eustachio (D:5)
  6 vampire mosquitoes (D:13)
  Duvessa (D:4)
  An acid dragon (D:13)
  A soldier ant (D:13)
  A water moccasin (D:13)
  An ice beast (D:9)
  4 orc warriors
  A hornet zombie (D:10)
  6 ogres
  A phantom (D:13)
  3 centaurs
  A crocodile (D:14)
  3 big kobolds
  3 bullfrogs (D:13)
  Dowan (D:4)
  A wyvern skeleton (D:13)
  3 scorpions
  4 killer bees (D:9)
  8 wights
  3 howler monkeys
  2 jellies (D:13)
  6 crimson imps
  Crazy Yiuf (D:3)
  2 bullfrog skeletons
  8 orc priests
  2 centaur skeletons
  8 hounds
  An iguana (D:3)
  Ijyb (D:2)
  Natasha (thrice) (D:1)
  7 orc wizards
  5 worker ants
  A hound zombie (D:8)
  A hound skeleton (D:8)
  A worker ant zombie (D:7)
  4 adders
  5 gnolls
  2 howler monkey skeletons
  A shadow imp (D:14)
  An ooze (D:4)
  4 adder zombies
  4 worms
  3 leopard geckos
  52 orcs
  5 giant cockroaches
  7 goblins
  4 hobgoblins
  3 jackals (D:3)
  4 quokkas
  4 ball pythons
  5 bats
  3 frilled lizards
  21 kobolds
  A leopard gecko skeleton (D:4)
  4 rats
  5 fungi (D:9)
  7 plants (D:9)
299 creatures vanquished.

Notes
Turn   | Place    | Note
-------+----------+-------------------------------------------
     0 | D:1      | DildoBatman the Formicid Enchanter began the quest for the Orb.
     0 | D:1      | Reached XP level 1. HP: 13/13 MP: 3/3
   229 | D:1      | Reached XP level 2. HP: 4/22 MP: 3/5
   918 | D:1      | Reached XP level 3. HP: 25/28 MP: 6/6
   927 | D:1      | Learned a level 3 spell: Confuse
  1303 | D:2      | Found a faded altar of an unknown god.
  1695 | D:2      | Noticed Natasha
  1902 | D:3      | Noticed Ijyb
  1915 | D:3      | Noticed a scorpion
  1938 | D:3      | Found a snail-covered altar of Cheibriados.
  2403 | D:3      | Reached XP level 4. HP: 35/35 MP: 7/7
  2692 | D:3      | Reached skill level 1 in Armour
  3039 | D:3      | Found a runed door.
  3142 | D:4      | Reached XP level 5. HP: 25/41 MP: 6/8
  3272 | D:4      | Noticed Dowan
  3431 | D:4      | Found a staircase to the Ecumenical Temple.
  3440 | Temple   | Entered the Ecumenical Temple
  3551 | Temple   | Became a worshipper of Sif Muna the Loreminder
  3821 | D:3      | Noticed Crazy Yiuf
  4294 | D:4      | Noticed Sigmund
  4513 | D:4      | Reached XP level 6. HP: 35/47 MP: 7/9
  4566 | D:5      | Entered Level 5 of the Dungeon
  4572 | D:5      | Noticed NeAGen181's ghost (novice HaAr)
  4608 | D:5      | Reached skill level 4 in Hexes
  4645 | D:5      | Noticed a hippogriff
  5248 | D:5      | Noticed Eustachio
  5681 | D:6      | Noticed an orc warrior
  6000 | D:6      | Killed an orc warrior
  6000 | D:6      | Reached XP level 7. HP: 32/53 MP: 2/11
  6036 | D:6      | Noticed Grinder
  6458 | D:5      | Killed a hippogriff
  6458 | D:5      | Reached skill level 5 in Stealth
  6515 | D:5      | Reached XP level 8. HP: 38/61 MP: 4/13
  6561 | D:4      | Noticed Duvessa
  6657 | D:4      | Killed Duvessa
  6657 | D:4      | Reached skill level 5 in Hexes
  6740 | D:4      | Killed Dowan
  6843 | D:3      | Killed Sigmund
  6843 | D:3      | Reached skill level 5 in Fighting
  6973 | D:3      | Reached skill level 5 in Armour
  7122 | D:2      | Killed Ijyb
  7122 | D:2      | Reached skill level 6 in Hexes
  7156 | D:1      | Killed Natasha
  7472 | D:1      | Noticed Natasha
  7479 | D:1      | Killed Natasha
  7528 | D:1      | Noticed Natasha
  7531 | D:1      | Killed Natasha
  7657 | D:3      | Killed Crazy Yiuf
  7807 | D:5      | Killed Eustachio
  7807 | D:5      | Reached skill level 7 in Hexes
  7885 | D:5      | Killed NeAGen181's ghost
  7885 | D:5      | Reached * piety under Sif Muna
  7885 | D:5      | Reached skill level 9 in Hexes
  7885 | D:5      | Reached XP level 9. HP: 64/68 MP: 13/15
  7938 | D:6      | Killed Grinder
  8550 | D:7      | Found a deep blue altar of Sif Muna.
  8956 | D:7      | Reached ** piety under Sif Muna
  9068 | D:7      | Reached XP level 10. HP: 76/76 MP: 14/17
  9071 | D:7      | Reached skill level 5 in Spellcasting
  9078 | D:7      | Reached skill level 10 in Hexes
  9806 | D:8      | Found a stormy altar of Qazlal.
 10130 | D:9      | Found a staircase to the Lair.
 10333 | D:9      | Found Osagok's Armour Shop.
 10333 | D:9      | Noticed a two-headed ogre
 10361 | D:9      | Killed a two-headed ogre
 10361 | D:9      | Reached skill level 5 in Dodging
 10396 | D:9      | Noticed a guardian serpent
 10553 | D:9      | Reached *** piety under Sif Muna
 10594 | D:9      | Found a roughly hewn altar of Beogh.
 10877 | D:9      | Reached skill level 11 in Hexes
 10877 | D:9      | Reached XP level 11. HP: 26/84 MP: 17/20
 11061 | D:9      | Found Amehuut's General Store.
 11120 | D:9      | Found Fumept's Gadget Shoppe.
 11179 | D:9      | Found Lusaoz's Antique Weapon Emporium.
 11187 | D:9      | Found Ojish's Jewellery Emporium.
 11300 | D:10     | Entered Level 10 of the Dungeon
 11410 | D:10     | You fall through a shaft for 3 floors!
 11442 | D:12     | Noticed a green ugly thing
 11730 | D:13     | Reached skill level 12 in Hexes
 11792 | D:13     | Noticed a two-headed ogre
 11883 | D:13     | Reached **** piety under Sif Muna
 11894 | D:13     | Killed a two-headed ogre
 11969 | D:13     | Noticed a cyclops
 12002 | D:13     | Killed a cyclops
 12002 | D:13     | Reached skill level 13 in Hexes
 12119 | D:13     | Noticed a centaur warrior
 12138 | D:13     | Killed a centaur warrior
 12182 | D:13     | Noticed a brown ugly thing
 12198 | D:13     | Killed a brown ugly thing
 12198 | D:13     | Reached ***** piety under Sif Muna
 12198 | D:13     | Reached skill level 14 in Hexes
 12209 | D:13     | Noticed a catoblepas
 12231 | D:13     | Noticed a purple ugly thing
 12267 | D:13     | Reached XP level 12. HP: 64/91 MP: 14/24
 12299 | D:13     | Identified Nithrad's Catalogue of the Bewitching Rocks (Sif Muna gifted it to you on level 13 of the Dungeon)
 12299 | D:13     | Received a gift from Sif Muna
 12318 | D:13     | Learned a level 2 spell: Slow
 12424 | D:13     | Noticed a tengu warrior
 12456 | D:13     | Reached skill level 15 in Hexes
 12547 | D:13     | Noticed a vault guard
 12564 | D:13     | Killed a vault guard
 12609 | D:13     | Killed a tengu warrior
 12647 | D:13     | Reached skill level 1 in Shields
 12648 | D:13     | Noticed a vault guard
 12678 | D:13     | Killed a vault guard
 12678 | D:13     | Reached skill level 16 in Hexes
 12875 | D:13     | Noticed a vault guard
 12913 | D:13     | Killed a vault guard
 12974 | D:13     | Found a gate to the Vaults.
 13129 | D:13     | Killed a catoblepas
 13280 | D:14     | Noticed Nessos
 13290 | D:14     | Killed Nessos
 13301 | D:14     | Found a hide-covered altar of Uskayaw.
 13318 | D:14     | Noticed a two-headed ogre
 13332 | D:14     | Killed a two-headed ogre
 13407 | D:14     | Reached XP level 13. HP: 96/96 MP: 23/25
 13686 | D:15     | Entered Level 15 of the Dungeon
 13686 | D:15     | Noticed a seven-headed hydra
 13713 | D:15     | Killed a one-headed hydra
 13713 | D:15     | Reached skill level 1 in Evocations
 13748 | D:15     | Noticed a centaur warrior
 13772 | D:15     | HP: 4/96 [centaur warrior/arrow (4)]
 13774 | D:15     | Shot with an arrow by a centaur warrior

Skill      XL: |  1  2  3  4  5  6  7  8  9 10 11 12 13 |
---------------+----------------------------------------+-----
Fighting       | 2 3 4 5 7 |  7.2
Dodging        | 2 3 4 5 |  5.2
Stealth        | 4 5 6 9 |  9.6
Armour         | 3 4 5 6 7 |  7.2
Hexes          | 4 9 11 14 16 | 16.1
Spellcasting   | 3 4 6 8 |  8.1
Shields        | 3 |  3.9
Evocations     | 1 |  1.1
Short Blades   | |  1.0

Action                   |  1- 3 |  4- 6 |  7- 9 | 10-12 | 13-15 || total
-------------------------+-------+-------+-------+-------+-------++-------
Melee: Dagger            |    65 |       |       |       |       ||    65
       Whip              |    44 |   233 |   218 |       |       ||   495
       Scythe            |       |       |    22 |   103 |    17 ||   142
       Quarterstaff      |       |       |    19 |       |       ||    19
       Halberd           |       |       |    10 |   612 |    26 ||   648
       Hand axe          |       |       |       |       |     9 ||     9
 Cast: Corona            |     8 |    28 |    15 |    31 |       ||    82
       Confuse           |       |    17 |    28 |    85 |    18 ||   148
       Slow              |       |       |       |    26 |     5 ||    31
 Abil: Dig               |     3 |     3 |     9 |    17 |       ||    32
  Use: Scroll            |       |       |       |     1 |       ||     1
 Stab: Sleeping          |     2 |     2 |     2 |     4 |     1 ||    11
       Confused          |       |     3 |     7 |    41 |     7 ||    58
       Distracted        |       |       |     1 |       |       ||     1
  Eat: Chunk             |     2 |    14 |    16 |    23 |     1 ||    56
       Ration            |     1 |       |       |       |       ||     1
Armor: Robe              |     6 |       |       |       |       ||     6
       Ring mail         |    39 |   101 |    83 |    91 |       ||   314
       Skin              |       |     1 |       |       |       ||     1
       Troll leather arm |       |       |       |   109 |    29 ||   138
Dodge: Dodged            |    77 |   154 |   131 |   385 |    52 ||   799
Block: Buckler           |       |       |       |     5 |    18 ||    23
